TOP OF THE 1ST |
Lehigh Valley IronPigs batting - Pitching for El Paso Chihuahuas : RHP Sean Rice
|
Pitching: RHP Sean Rice
|
|
Batting: RHB Mitch Boyd
|
0-0: Ball 1-0: Ball 2-0: Ball 3-0: Called Strike 3-1: Fly out, F9 (Flyball, 9, EV 87.5 MPH)
|
Batting: RHB Alberto Ramirez
|
0-0: Ball 1-0: Ball 2-0: Called Strike 2-1: Ground out 1-3 (Groundball, 13S, EV 70.0 MPH)
|
Batting: RHB Matt Sanders
|
0-0: Foul Ball, location: 2F 0-1: Called Strike 0-2: Strikes out looking
|
Top of the 1st over - 0 runs, 0 hits, 0 errors, 0 left on base; Lehigh Valley 0 - El Paso 0 |
BOTTOM OF THE 1ST |
El Paso Chihuahuas batting - Pitching for Lehigh Valley IronPigs : RHP David LaBounty
|
Pitching: RHP David LaBounty
|
|
Batting: RHB Itsuo Yoshioka
|
0-0: Swinging Strike 0-1: Foul Ball, location: 2RF, Error on foul ball, E2 0-2: Ball 1-2: Ball 2-2: Ball 3-2: Base on Balls
|
Batting: LHB Joseph Martin
|
0-0: Ball 1-0: Called Strike 1-1: Ball 2-1: Swinging Strike 2-2: Strikes out swinging
|
Batting: RHB Kiril Emeshin
|
0-0: Ball 1-0: Called Strike 1-1: Grounds into double play, 6-4-3 (Groundball, 6, EV 79.4 MPH)
|
Bottom of the 1st over - 0 runs, 0 hits, 1 error, 0 left on base; Lehigh Valley 0 - El Paso 0 |
TOP OF THE 2ND |
Lehigh Valley IronPigs batting - Pitching for El Paso Chihuahuas : RHP Sean Rice
|
Batting: LHB Jose Carlos
|
0-0: Ball 1-0: Ground out 4-3 (Groundball, 4M, EV 93.8 MPH)
|
Batting: RHB Raul de la Cruz
|
0-0: Ball 1-0: Ball 2-0: Called Strike 2-1: Ground out 4-3 (Groundball, 4, EV 108.1 MPH)
|
Batting: SHB Phuck II
|
0-0: Called Strike 0-1: Swinging Strike 0-2: Ball 1-2: Ball 2-2: Ball 3-2: Foul Ball, location: 2F 3-2: Foul Ball, location: 2F 3-2: Foul Ball, location: 2F 3-2: Foul Ball, location: 2F 3-2: Foul Ball, location: 2F 3-2: Base on Balls
|
Batting: RHB Moritake Fukumoto
|
0-0: Called Strike Phuck II steals 2nd base 0-1: Called Strike 0-2: Foul Ball, location: 2F 0-2: Ball 1-2: Ground out 6-3 (Groundball, 6, EV 88.8 MPH)
|
Top of the 2nd over - 0 runs, 0 hits, 0 errors, 1 left on base; Lehigh Valley 0 - El Paso 0 |
BOTTOM OF THE 2ND |
El Paso Chihuahuas batting - Pitching for Lehigh Valley IronPigs : RHP David LaBounty
|
Batting: SHB Troy Maynard
|
0-0: Called Strike 0-1: Ground out 4-3 (Groundball, 4, EV 81.2 MPH)
|
Batting: RHB Rodolfo Rivera
|
0-0: Ball 1-0: Called Strike 1-1: Called Strike 1-2: Ground out U3 (Groundball, 34, EV 104.4 MPH)
|
Batting: LHB Chris Moody
|
0-0: Swinging Strike 0-1: Ball 1-1: Ball 2-1: Foul Ball, location: 2F 2-2: Ball 3-2: Base on Balls
|
Batting: SHB Jamie Roberts
|
0-0: Ball 1-0: Ground out 4-3 (Groundball, 4, EV 106.9 MPH)
|
Bottom of the 2nd over - 0 runs, 0 hits, 0 errors, 1 left on base; Lehigh Valley 0 - El Paso 0 |
TOP OF THE 3RD |
Lehigh Valley IronPigs batting - Pitching for El Paso Chihuahuas : RHP Sean Rice
|
Batting: RHB Kyle Reilly
|
0-0: Ball 1-0: Ball 2-0: Fly out, F9 (Line Drive, 89D, EV 89.4 MPH)
|
Batting: RHB Luis Arce
|
0-0: Fly out, F9 (Flyball, 9S, EV 95.6 MPH)
|
Batting: RHB Mitch Boyd
|
0-0: Foul Ball, location: 2F 0-1: Ball 1-1: Ground out 5-3 (Groundball, 5, EV 83.8 MPH)
|
Top of the 3rd over - 0 runs, 0 hits, 0 errors, 0 left on base; Lehigh Valley 0 - El Paso 0 |
BOTTOM OF THE 3RD |
El Paso Chihuahuas batting - Pitching for Lehigh Valley IronPigs : RHP David LaBounty
|
Batting: RHB Dan Grable
|
0-0: Ball 1-0: Swinging Strike 1-1: Ball 2-1: Called Strike 2-2: Strikes out swinging
|
Batting: RHB Tim Seggerman
|
0-0: Ball 1-0: Foul Ball, location: 2F 1-1: Ball 2-1: Ball 3-1: Called Strike 3-2: Base on Balls
|
Batting: RHB Itsuo Yoshioka
|
0-0: Called Strike 0-1: SINGLE (Groundball, 6MD, EV 98.1 MPH) Tim Seggerman to second
|
Batting: LHB Joseph Martin
|
0-0: Foul Ball, location: 2F 0-1: Foul Ball, location: 2F 0-2: SINGLE (Groundball, P, EV 88.1 MPH) (infield hit) Tim Seggerman to third Itsuo Yoshioka to second
|
Batting: RHB Kiril Emeshin
|
0-0: Swinging Strike 0-1: Ball 1-1: Ball 2-1: Called Strike 2-2: Foul Ball, location: 2F 2-2: Fielders Choice at 2nd, 3-6 (Groundball, 34S, EV 81.2 MPH) Tim Seggerman scores Itsuo Yoshioka to third
|
Batting: SHB Troy Maynard
|
0-0: Fielders Choice at 2nd, 5-4 (Groundball, 56, EV 105.0 MPH)
|
Bottom of the 3rd over - 1 run, 2 hits, 0 errors, 2 left on base; Lehigh Valley 0 - El Paso 1 |
TOP OF THE 4TH |
Lehigh Valley IronPigs batting - Pitching for El Paso Chihuahuas : RHP Sean Rice
|
Batting: RHB Alberto Ramirez
|
0-0: Ball 1-0: Fly out, F8 (Flyball, 8LD, EV 102.5 MPH)
|
Batting: RHB Matt Sanders
|
0-0: Ball 1-0: Called Strike 1-1: Ball 2-1: Foul Ball, location: 2F 2-2: Strikes out swinging
|
Batting: LHB Jose Carlos
|
0-0: Called Strike 0-1: Swinging Strike 0-2: Strikes out swinging
|
Top of the 4th over - 0 runs, 0 hits, 0 errors, 0 left on base; Lehigh Valley 0 - El Paso 1 |
BOTTOM OF THE 4TH |
El Paso Chihuahuas batting - Pitching for Lehigh Valley IronPigs : RHP David LaBounty
|
Batting: RHB Rodolfo Rivera
|
0-0: Swinging Strike 0-1: Ball 1-1: Foul Ball, location: 2F 1-2: Ball 2-2: Foul Ball, location: 2F 2-2: Strikes out swinging
|
Batting: LHB Chris Moody
|
0-0: Ball 1-0: Ball 2-0: Called Strike 2-1: Called Strike 2-2: Fly out, F8 (Flyball, 8RM, EV 86.2 MPH)
|
Batting: SHB Jamie Roberts
|
0-0: Ball 1-0: Foul Ball, location: 2F 1-1: Ball 2-1: Ground out 1-3 (Groundball, P, EV 61.2 MPH)
|
Bottom of the 4th over - 0 runs, 0 hits, 0 errors, 0 left on base; Lehigh Valley 0 - El Paso 1 |
TOP OF THE 5TH |
Lehigh Valley IronPigs batting - Pitching for El Paso Chihuahuas : RHP Sean Rice
|
Batting: RHB Raul de la Cruz
|
0-0: Fly out, F9 (Flyball, 9D, EV 101.9 MPH)
|
Batting: SHB Phuck II
|
0-0: Swinging Strike 0-1: Ball 1-1: Ball 2-1: Foul Ball, location: 2F 2-2: Strikes out swinging
|
Batting: RHB Moritake Fukumoto
|
0-0: Ball 1-0: Swinging Strike 1-1: Ball 2-1: SINGLE (Groundball, 34D, EV 98.1 MPH)
|
Batting: RHB Kyle Reilly
|
0-0: Foul Ball, location: 2F 0-1: Fielders Choice at 2nd, 6-4 (Groundball, 6, EV 94.4 MPH)
|
Top of the 5th over - 0 runs, 1 hit, 0 errors, 1 left on base; Lehigh Valley 0 - El Paso 1 |
BOTTOM OF THE 5TH |
El Paso Chihuahuas batting - Pitching for Lehigh Valley IronPigs : RHP David LaBounty
|
Batting: RHB Dan Grable
|
0-0: Foul Ball, location: 2F 0-1: Foul Ball, location: 2F 0-2: Foul Ball, location: 2F 0-2: Foul Ball, location: 2F 0-2: Ball 1-2: Strikes out swinging
|
Batting: RHB Tim Seggerman
|
0-0: Called Strike 0-1: Foul Ball, location: 2F 0-2: Ball 1-2: Foul Ball, location: 2F 1-2: Ball 2-2: Ground out 4-3 (Groundball, 34, EV 100.0 MPH)
|
Batting: RHB Itsuo Yoshioka
|
0-0: Ball 1-0: Ball 2-0: Ball 3-0: Base on Balls
|
Batting: LHB Joseph Martin
|
0-0: Called Strike 0-1: Fly out, F9 (Flyball, 9S, EV 95.6 MPH)
|
Bottom of the 5th over - 0 runs, 0 hits, 0 errors, 1 left on base; Lehigh Valley 0 - El Paso 1 |
TOP OF THE 6TH |
Lehigh Valley IronPigs batting - Pitching for El Paso Chihuahuas : RHP Sean Rice
|
Batting: RHB Luis Arce
|
0-0: Called Strike 0-1: Foul Ball, location: 2F 0-2: Ground out 6-3 (Groundball, 6, EV 101.9 MPH)
|
Batting: RHB Mitch Boyd
|
0-0: Ball 1-0: Ball 2-0: Swinging Strike 2-1: Foul Ball, location: 2F 2-2: Foul Ball, location: 2F 2-2: TRIPLE (Line Drive, 9LD, EV 101.9 MPH)
|
Batting: RHB Alberto Ramirez
|
0-0: Swinging Strike 0-1: Called Strike 0-2: Strikes out swinging
|
Batting: RHB Matt Sanders
|
0-0: SINGLE (Flyball, 89S, EV 87.5 MPH) Mitch Boyd scores
|
Batting: LHB Jose Carlos
|
0-0: Called Strike 0-1: Ball 1-1: Called Strike Matt Sanders is caught stealing 2nd base 2-6
|
Top of the 6th over - 1 run, 2 hits, 0 errors, 0 left on base; Lehigh Valley 1 - El Paso 1 |
BOTTOM OF THE 6TH |
El Paso Chihuahuas batting - Pitching for Lehigh Valley IronPigs : RHP David LaBounty
|
Batting: RHB Kiril Emeshin
|
0-0: Called Strike 0-1: Foul Ball, location: 2F 0-2: Ball 1-2: Foul Ball, location: 2F 1-2: Ball 2-2: Foul Ball, location: 2F 2-2: Strikes out swinging
|
Batting: SHB Troy Maynard
|
0-0: Ball 1-0: Called Strike 1-1: Foul Ball, location: 2F 1-2: Foul Ball, location: 2F 1-2: Ball 2-2: Foul Ball, location: 2F 2-2: Foul Ball, location: 2F 2-2: Foul Ball, location: 2F 2-2: Strikes out swinging
|
Batting: RHB Rodolfo Rivera
|
0-0: Ball 1-0: Ball 2-0: Ball 3-0: Called Strike 3-1: Swinging Strike 3-2: Foul Ball, location: 2F 3-2: Base on Balls
|
Pitching: RHP John Capparelli
|
|
Batting: LHB Chris Moody
|
0-0: Ball 1-0: Ball 2-0: SINGLE (Groundball, 4D, EV 98.1 MPH) Rodolfo Rivera to second Runner from 2nd tries for 3rd, SAFE, throw by RF made to third
|
Batting: SHB Jamie Roberts
|
0-0: Ball 1-0: Foul Ball, location: 2F 1-1: Ball 2-1: Foul Ball, location: 2F 2-2: Foul Ball, location: 2F 2-2: Ball 3-2: Base on Balls Chris Moody to second
|
Batting: RHB Dan Grable
|
0-0: Ball 1-0: DOUBLE (Groundball, 5L, EV 106.2 MPH) Rodolfo Rivera scores Chris Moody scores Jamie Roberts to third Runner from 3rd tries for Home, SAFE, no throw by LF
|
Batting: RHB Tim Seggerman
|
0-0: Ball 1-0: Fly out, F7 (Line Drive, 7S, EV 100.0 MPH)
|
Bottom of the 6th over - 3 runs, 2 hits, 0 errors, 1 left on base; Lehigh Valley 1 - El Paso 4 |
TOP OF THE 7TH |
Lehigh Valley IronPigs batting - Pitching for El Paso Chihuahuas : RHP Sean Rice
|
Batting: LHB Jose Carlos
|
0-0: Called Strike 0-1: Foul Ball, location: 2F 0-2: Foul Ball, location: 2F 0-2: Ball 1-2: Ball 2-2: Foul Ball, location: 2F 2-2: Strikes out swinging
|
Batting: RHB Raul de la Cruz
|
0-0: Called Strike 0-1: Swinging Strike 0-2: Ball 1-2: Ball 2-2: Strikes out swinging
|
Batting: SHB Phuck II
|
0-0: Called Strike 0-1: Ball 1-1: Ball 2-1: Foul Ball, location: 2F 2-2: Foul Ball, location: 2F 2-2: Ball 3-2: Base on Balls
|
Pitching: LHP Matt Wojtkiewicz
|
|
Batting: RHB Moritake Fukumoto
|
0-0: Called Strike Phuck II is caught stealing 2nd base 2-4
|
Top of the 7th over - 0 runs, 0 hits, 0 errors, 0 left on base; Lehigh Valley 1 - El Paso 4 |
BOTTOM OF THE 7TH |
El Paso Chihuahuas batting - Pitching for Lehigh Valley IronPigs : RHP John Capparelli
|
Batting: RHB Itsuo Yoshioka
|
0-0: Ball 1-0: Ball 2-0: Foul Ball, location: 2F 2-1: Ground out 6-3 (Groundball, 56, EV 90.0 MPH)
|
Batting: LHB Joseph Martin
|
0-0: Swinging Strike 0-1: Ball 1-1: Swinging Strike 1-2: Strikes out swinging
|
Batting: RHB Kiril Emeshin
|
0-0: Ball 1-0: Foul Ball, location: 2F 1-1: Swinging Strike 1-2: Ball 2-2: Ball 3-2: Strikes out swinging
|
Bottom of the 7th over - 0 runs, 0 hits, 0 errors, 0 left on base; Lehigh Valley 1 - El Paso 4 |
TOP OF THE 8TH |
Lehigh Valley IronPigs batting - Pitching for El Paso Chihuahuas : LHP Matt Wojtkiewicz
|
Batting: RHB Moritake Fukumoto
|
0-0: Called Strike 0-1: Called Strike 0-2: Strikes out swinging
|
Batting: RHB Kyle Reilly
|
0-0: Ball 1-0: Ground out U3 (Groundball, 34S, EV 86.9 MPH)
|
Batting: RHB Luis Arce
|
0-0: Ball 1-0: Ball 2-0: Ball 3-0: Base on Balls
|
Batting: RHB Mitch Boyd
|
0-0: Swinging Strike 0-1: Swinging Strike 0-2: Ball 1-2: Strikes out swinging
|
Top of the 8th over - 0 runs, 0 hits, 0 errors, 1 left on base; Lehigh Valley 1 - El Paso 4 |
BOTTOM OF THE 8TH |
El Paso Chihuahuas batting - Pitching for Lehigh Valley IronPigs : RHP John Capparelli
|
Batting: SHB Troy Maynard
|
0-0: Ball 1-0: Called Strike 1-1: Foul Ball, location: 2F 1-2: Ground out 5-3 (Groundball, 25, EV 86.2 MPH)
|
Batting: RHB Rodolfo Rivera
|
0-0: Ball 1-0: Fly out, F7 (Flyball, 7LM, EV 106.2 MPH)
|
Batting: LHB Chris Moody
|
0-0: Ball 1-0: Foul Ball, location: 2F 1-1: Called Strike 1-2: Ball 2-2: Fly out, F9 (Line Drive, 89M, EV 99.4 MPH)
|
Bottom of the 8th over - 0 runs, 0 hits, 0 errors, 0 left on base; Lehigh Valley 1 - El Paso 4 |
TOP OF THE 9TH |
Lehigh Valley IronPigs batting - Pitching for El Paso Chihuahuas : LHP Matt Wojtkiewicz
|
Batting: RHB Alberto Ramirez
|
0-0: Swinging Strike 0-1: Foul Ball, location: 2F 0-2: Ball 1-2: SINGLE (Groundball, 56S, EV 72.5 MPH) (infield hit)
|
Batting: RHB Matt Sanders
|
0-0: Ball 1-0: Ball 2-0: Ball 3-0: Base on Balls Alberto Ramirez to second
|
Pinch Hitting: RHB Chris Pounds
|
0-0: Called Strike 0-1: Ball Wild Pitch! Alberto Ramirez to third Matt Sanders to second 1-1: Ball 2-1: Foul Ball, location: 2F 2-2: Ball 3-2: Foul Ball, location: 2F 3-2: Foul Ball, location: 2F 3-2: Base on Balls
|
Batting: RHB Raul de la Cruz
|
0-0: Ball 1-0: Fielders Choice at 2nd, 6-4 (Groundball, 6S, EV 81.9 MPH) Alberto Ramirez scores Matt Sanders to third
|
Batting: SHB Phuck II
|
0-0: Swinging Strike 0-1: Called Strike 0-2: Ball 1-2: Strikes out swinging
|
Pitching: RHP Shuuhei Watanabe
|
|
Now at 1B: Antonio Medina
|
|
Batting: RHB Moritake Fukumoto
|
0-0: Foul Ball, location: 2F 0-1: Foul Ball, location: 2F 0-2: Strikes out swinging
|
Top of the 9th over - 1 run, 1 hit, 0 errors, 2 left on base; Lehigh Valley 2 - El Paso 4 |
|